[Event "*** Titled Tuesday Blitz"]
[Site "Chess.com"]
[Date "2020.05.05"]
[Round "4"]
[White "Diego_FloresQ"]
[Black "Stewie_89"]
[Result "0-1"]
[WhiteElo "2401"]
[BlackElo "2625"]
[TimeControl "180+1"]
[EndTime "10:40:06 PDT"]
[Termination "Stewie_89 won by resignation"]

1. e4 Nf6 2. e5 Nd5 3. c4 Nb6 4. d4 d6 5. exd6 cxd6 6. Nc3 g6 7. Be3 Bg7 8. Rc1 Nc6 9. b3 O-O 10. Be2 e5 11. dxe5 dxe5 12. Qxd8 Rxd8 13. c5 Nd7 14.
Nf3 Nd4 15. Bxd4 exd4 16. Ne4 Ne5 17. Nxe5 Bxe5 18. Bd3 Bd7 19. O-O Bc6 20. Rfe1 Re8 21. Rcd1 Rad8 22. h3 Kg7 23. Nd2 Bf6 24. Nc4 Rxe1+ 25.
Rxe1 Rd5 26. b4 Rd7 27. Nd6 Bg5 28. Bc4 Bd2 29. Rb1 a6 30. a3 Re7 31. Rd1 Re1+ 32.
Rxe1 Bxe1 33. Nxf7 Bc3 34. Nd6 Bb2 35. a4 Bxa4 36. Nxb7 Bc3 37. Bxa6 Bxb4 38. Kf1 Bc6 39. Ke2 Bxg2 40. f3 Bxh3 41. Kd3 Bc3 42. c6 Bf1+ 0-1

[Event "*** Titled Tuesday Blitz"]
[Site "Chess.com"]
[Date "2020.05.05"]
[Round "4"]
[White "arminmusovic"]
[Black "Misticpikachu"]
[Result "1-0"]
[WhiteElo "2500"]
[BlackElo "2300"]
[TimeControl "180+1"]
[EndTime "10:40:06 PDT"]
[Termination "arminmusovic won on time"]

1. a3 d5 2. Nc3 e5 3. d4 e4 4. Bf4 Nf6 5. Nb5 Na6 6. c4 c6 7. Nc3 Bd6 8. Bxd6 Qxd6 9. e3 O-O 10. h3 Nc7 11. cxd5 cxd5 12. Nge2 a6 13. Nf4 Ne6 14. Nh5 Nc7 15. Rc1 Nxh5 16. Qxh5 f5 17. g3 Be6 18. Be2 h6 19. Qh4 Rac8 20. Qf4 Qe7 21.
Kd2 b5 22. Qe5 Rfd8 23. g4 Qf7 24. gxf5 Qxf5 25. Qxf5 Bxf5 26. h4 Kf7 27. Na2 Ne8 28.
Rxc8 Rxc8 29. Nb4 Nc7 30. Rc1 Be6 31. Rc6 Ke7 32. Nxa6 Nxa6 33. Rxa6 g5 34. hxg5 hxg5 35. Ra7+ Kf6 36. Bxb5 Rf8 37. b4 Kg6 38. Ke1 g4 39. Bd7 1-0

[Event "*** Titled Tuesday Blitz"]
[Site "Chess.com"]
[Date "2020.05.05"]
[Round "4"]
[White "DivyaDeshmukh23"]
[Black "silverback96"]
[Result "1-0"]
[WhiteElo "2398"]
[BlackElo "2116"]
[TimeControl "180+1"]
[EndTime "10:40:06 PDT"]
[Termination "DivyaDeshmukh23 won by checkmate"]

1. e4 c5 2. Nf3 Nc6 3. d4 cxd4 4. Nxd4 Nf6 5. Nc3 e5 6. Ndb5 d6 7. Bg5 a6 8. Na3 b5 9. Nd5 Be7 10. Bxf6 Bxf6 11. c3 Ne7 12. Nc2 Nxd5 13. Qxd5 Rb8 14. Nb4 Bb7 15. Qd2 O-O 16. Bd3 Bg5 17. Qe2 a5 18. Nd5 b4 19. O-O Bxd5 20. exd5 f5 21.
cxb4 Rxb4 22. b3 e4 23. Bc4 Bf6 24. Rad1 Be5 25. f4 Qb6+ 26. Kh1 Bf6 27. a3 Rxb3 28. Bxb3 Qxb3 29. Qa6 Qxa3 30. Rc1 Bd4 31. Rc8 Bc5 32. Rxf8+ Kxf8 33. Qc8+ Kf7 34. Qxf5+ Kg8 35. Qxe4 h6 36.
Re1 Bb4 37. Qe6+ Kh8 38. Qc8+ Kh7 39. Qf5+ Kg8 40. Re8# 1-0

[Event "*** Titled Tuesday Blitz"]
[Site "Chess.com"]
[Date "2020.05.05"]
[Round "4"]
[White "regular_legs"]
[Black "vugarrasulov"]
[Result "1-0"]
[WhiteElo "2597"]
[BlackElo "2784"]
[TimeControl "180+1"]
[EndTime "10:40:07 PDT"]
[Termination "regular_legs won by resignation"]

1. d4 Nf6 2. c4 g6 3. f3 d5 4. cxd5 Nxd5 5. e4 Nb6 6. Nc3 Bg7 7. Be3 O-O 8. Qd2 Qd6 9. O-O-O Nc6 10. Kb1 a5 11. Nb5 Qd7 12. d5 Ne5 13. Rc1 Nec4 14. Bxc4 Nxc4 15. Rxc4 Qxb5 16. Rxc7 f5 17. Ne2 fxe4 18.
fxe4 Bg4 19. Nd4 Rf1+ 20. Rxf1 Qxf1+ 21. Rc1 Qf6 22. h3 Bc8 23. Nf3 e5 24. Rc7 Bxh3 25. Bg5 Qb6 26. Rxg7+ Kxg7 27. gxh3 Rf8 28. Bh6+ 1-0

[Event "*** Titled Tuesday Blitz"]
[Site "Chess.com"]
[Date "2020.05.05"]
[Round "4"]
[White "Witik"]
[Black "Corpescador"]
[Result "1-0"]
[WhiteElo "2619"]
[BlackElo "2399"]
[TimeControl "180+1"]
[EndTime "10:40:07 PDT"]
[Termination "Witik won by resignation"]

1. d4 d5 2. c4 c6 3. Nc3 Nf6 4. e3 a6 5. Qc2 g6 6. Nf3 Bf5 7. Qb3 b5 8. cxd5 cxd5 9. Ne5 Bg7 10. a4 b4 11. Qxb4 O-O 12. Be2 Nfd7 13. Nxd5 Re8 14.
Nxd7 Qxd7 15. Nb6 Nc6 16. Qa3 Qb7 17. Nxa8 Nb4 18. O-O Nc2 19. Qa2 Qxa8 20. Bd2 Nxa1 21. Qxa1 a5 22. b3 e5 23. Bc3 Be4 24. f3 Bd5 25.
dxe5 Bxb3 26. Bd4 Be6 27. Rc1 h5 28. Bb5 Rd8 29. Qc3 Qd5 30. Qxa5 h4 31. h3 Ra8 32.
Qc3 Qa2 33. Rc2 Qb1+ 34. Kh2 Qf1 35. Bxf1 1-0

[Event "*** Titled Tuesday Blitz"]
[Site "Chess.com"]
[Date "2020.05.05"]
[Round "4"]
[White "Fh2411"]
[Black "inegrepus"]
[Result "1-0"]
[WhiteElo "2460"]
[BlackElo "2268"]
[TimeControl "180+1"]
[EndTime "10:40:07 PDT"]
[Termination "Fh2411 won by resignation"]

1. d4 Nf6 2. Nf3 d5 3. Bf4 Bf5 4. c4 e6 5. Nc3 c6 6. e3 Qb6 7.
Qb3 Bb4 8. c5 Bxc3+ 9. bxc3 Qxb3 10. axb3 Nbd7 11. b4 Ne4 12. c4 O-O 13. Nd2 Nxd2 14.
Kxd2 a6 15. Be2 Nf6 16. f3 Rfe8 17. b5 axb5 18. cxb5 h6 19. g4 Bg6 20. h4 Nd7 21. Bd6 f6 22. h5 Bh7 23. b6 e5 24. Ra7 Rxa7 25. bxa7 b6 26. cxb6 Nxb6 27. Bb8 exd4 28. exd4 Na8 29. Ba6 Re7 30. Re1 Rd7 31. Bc8 1-0

[Event "*** Titled Tuesday Blitz"]
[Site "Chess.com"]
[Date "2020.05.05"]
[Round "4"]
[White "WinstonSilvakov"]
[Black "reniite"]
[Result "1-0"]
[WhiteElo "2186"]
[BlackElo "1946"]
[TimeControl "180+1"]
[EndTime "10:40:07 PDT"]
[Termination "WinstonSilvakov won by checkmate"]

1. d4 Nf6 2. e3 d5 3. Bd3 c5 4. c3 Nc6 5. f4 e6 6. Nd2 a6 7. Ngf3 b5 8. O-O Qb6 9. Ne5 b4 10. Qf3 c4 11. Bc2 Bb7 12. g4 Nd7 13. Nxd7 Kxd7 14. f5 Be7 15. Qh3 h5 16. gxh5 Bf6 17.
Nf3 g6 18. fxg6 fxg6 19. Bxg6 Rag8 20. Qg4 Ne7 21. Bd2 Qd6 22. Rf2 Bc8 23. Qg3 Nxg6 24. hxg6 Qxg3+ 25. hxg3 Rxg6 26. Kg2 a5 27. cxb4 axb4 28.
Bxb4 Rhg8 29. Rg1 Rxg3+ 30. Kf1 Ba6 31. Bc3 Be7 32. Rxg3 Rxg3 33. Ne5+ Kd6 34. Ke2 Bg5 35. Rf7 Bb5 36. Bb4# 1-0

[Event "*** Titled Tuesday Blitz"]
[Site "Chess.com"]
[Date "2020.05.05"]
[Round "4"]
[White "IljaJoke"]
[Black "Vesper2018"]
[Result "0-1"]
[WhiteElo "2551"]
[BlackElo "2164"]
[TimeControl "180+1"]
[EndTime "10:40:08 PDT"]
[Termination "Vesper2018 won by resignation"]

1. d4 Nf6 2. c4 g6 3. h4 Bg7 4.
Nc3 d6 5. e4 h5 6. Be2 c5 7. d5 Nbd7 8. Bg5 Ne5 9. f3 Bd7 10.
Nh3 a6 11. a4 Qb6 12. O-O Qxb2 13. Bd2 Qb6 14. Rb1 Qc7 15. Qb3 Rb8 16. Qb6 Qc8 17. Ng5 O-O 18. a5 Ne8 19. Qb3 Nc7 20. f4 Ng4 21. f5 gxf5 22. exf5 Bxf5 23. Nce4 Bg6 24. Bc3 f6 25. Bxg4 Qxg4 26. Nf2 Qg3 27. Rbe1 fxg5 28.
Rxe7 Qxc3 29. Qb6 Ne8 30. Qa7 Nf6 31. hxg5 Ng4 0-1

[Event "*** Titled Tuesday Blitz"]
[Site "Chess.com"]
[Date "2020.05.05"]
[Round "4"]
[White "DrVitman"]
[Black "MikaelyanArman"]
[Result "0-1"]
[WhiteElo "2500"]
[BlackElo "2743"]
[TimeControl "180+1"]
[EndTime "10:40:09 PDT"]
[Termination "MikaelyanArman won on time"]

1. e4 e5 2. Nf3 Nc6 3. Bb5 a6 4. Ba4 Nf6 5. Bxc6 dxc6 6. d3 Nd7 7. Qe2 a5 8. Nbd2 a4 9. a3 Bd6 10. h3 O-O 11. Nc4 Re8 12. Bd2 Nf8 13. Nxd6 cxd6 14. Be3 d5 15. O-O f5 16. exf5 Bxf5 17.
Rfe1 Ng6 18. Qd2 Qd6 19. d4 e4 20. Nh2 Rf8 21. Nf1 Nh4 22. Bf4 Qg6 23. Bg3 Bxh3 24.
Ne3 Bxg2 25. Qb4 Bf3 26. Qxb7 Nf5 27. Nxf5 Qxf5 28. Qxc6 Qh3 0-1

[Event "*** Titled Tuesday Blitz"]
[Site "Chess.com"]
[Date "2020.05.05"]
[Round "4"]
[White "NodariousBIG"]
[Black "Glidzhian_Gor"]
[Result "1-0"]
[WhiteElo "2719"]
[BlackElo "2487"]
[TimeControl "180+1"]
[EndTime "10:40:09 PDT"]
[Termination "NodariousBIG won by resignation"]

1. e4 c5 2. c3 g6 3. d4 cxd4 4.
cxd4 Bg7 5. Nf3 d6 6. Nc3 Nf6 7. h3 O-O 8. Bd3 Nc6 9. O-O e5 10. dxe5 dxe5 11. Bg5 h6 12. Bxf6 Bxf6 13. Nd5 Bg7 14.
Bc4 Nd4 15. Nxd4 exd4 16. Qd3 Be6 17. f4 Rc8 18. a4 Kh7 19. f5 Bxd5 20. Bxd5 Qg5 21. e5 Bxe5 22. Bxf7 Qe3+ 23. Qxe3 dxe3 24. fxg6+ Kg7 25. Rfe1 Bxb2 26. Rab1 Rc2 27. a5 e2 28. Kf2 Bd4+ 29. Kf3 Rc3+ 30. Kxe2 b6 31. Red1 Bc5 32. Rd7 Rg3 33. a6 Rxg2+ 34. Kd3 Rg3+ 35. Kc4 Rxh3 36. Rxa7 Rh4+ 37. Kb5 Rb4+ 38. Rxb4 Bxb4 39. Kxb4 h5 40.
Rb7 h4 41. a7 h3 42. Be6+ Kxg6 43. Bxh3 1-0

[Event "*** Titled Tuesday Blitz"]
[Site "Chess.com"]
[Date "2020.05.05"]
[Round "4"]
[White "atwalcb"]
[Black "chesstrainer2042"]
[Result "0-1"]
[WhiteElo "2237"]
[BlackElo "2438"]
[TimeControl "180+1"]
[EndTime "10:40:09 PDT"]
[Termination "chesstrainer2042 won by resignation"]

1. d4 Nf6 2. Bg5 d5 3. Bxf6 gxf6 4. e3 c5 5. g3 cxd4 6. exd4 Nc6 7. c3 e5 8. dxe5 fxe5 9. Bg2 Be6 10. Nf3 Be7 11. O-O O-O 12. Re1 Qc7 13. Nbd2 Rad8 14. h4 Bg4 15.
Qa4 e4 16. Nd4 Bf6 17. N2b3 Rfe8 18. Nxc6 bxc6 19. Bf1 Kh8 20. Be2 Bc8 21. Nc5 Rg8 22. Kh2 Bxh4 23. Qd4+ Rg7 24. Rg1 Be7 25. Rh1 Bd6 26.
Rag1 Qe7 27. b4 Rg8 28. Kg2 Be5 29. Qe3 f5 30. Kf1 Qf6 31. Qh6 f4 32. Qxf6 Bxf6 33. gxf4 Bh3+ 34. Ke1 Bxc3+ 35. Kd1 Rxg1+ 36. Rxg1 Rxg1+ 0-1

[Event "*** Titled Tuesday Blitz"]
[Site "Chess.com"]
[Date "2020.05.05"]
[Round "4"]
[White "Hikaru"]
[Black "LiamVrolijk"]
[Result "1-0"]
[WhiteElo "3168"]
[BlackElo "2749"]
[TimeControl "180+1"]
[EndTime "10:40:10 PDT"]
[Termination "Hikaru won by resignation"]

1. Nf3 d5 2. b3 Nf6 3. Bb2 g6 4. e3 Bg7 5. c4 c6 6. d4 O-O 7. Bd3 Bg4 8. Nbd2 Nbd7 9. h3 Bxf3 10. Nxf3 e6 11. O-O a5 12. Qc2 Qe7 13. a3 Rfd8 14.
Rfd1 Ne8 15. Bf1 Nd6 16. Rac1 a4 17. b4 Nxc4 18. Bxc4 dxc4 19. Qxc4 Nb6 20. Qe2 Rd7 21. e4 Rad8 22. e5 Bh6 23. Rb1 Nd5 24. Qc2 Ra8 25.
Bc1 Bg7 26. Bg5 Qf8 27. Nd2 h6 28. Bh4 Nb6 29. Ne4 g5 30. Bg3 Rad8 31. h4 Rxd4 32. hxg5 Rxd1+ 33. Rxd1 hxg5 34. Nxg5 Rxd1+ 35. Qxd1 Qe7 36. Ne4 Kf8 37. Qh5 Ke8 38. Bh4 Qf8 39. Qd1 Nd5 40.
Qxa4 Kd7 41. Nc5+ Kc7 42. Qa5+ Nb6 43. Na4 Qa8 44. Qxb6+ 1-0

[Event "*** Titled Tuesday Blitz"]
[Site "Chess.com"]
[Date "2020.05.05"]
[Round "4"]
[White "korkmaz16"]
[Black "CarlssonLudvig"]
[Result "1-0"]
[WhiteElo "2303"]
[BlackElo "2449"]
[TimeControl "180+1"]
[EndTime "10:40:10 PDT"]
[Termination "korkmaz16 won by resignation"]

1. e4 e5 2. Nc3 Nf6 3. f4 d5 4.
fxe5 Nxe4 5. Qf3 Nxc3 6. dxc3 Qh4+ 7. g3 Qe4+ 8. Qxe4 dxe4 9. Bg2 Nc6 10. Bf4 Bf5 11.
Ne2 O-O-O 12. O-O Bc5+ 13. Kh1 Bg6 14. Rad1 Rxd1 15. Rxd1 Rd8 16. Bh3+ Kb8 17. Rxd8+ Nxd8 18. Nd4 e3 19. Bxe3 Bxd4 20. cxd4 Bxc2 21. d5 Be4+ 22. Bg2 Bxg2+ 23. Kxg2 c6 24. Bg5 Kc7 25. Bxd8+ Kxd8 26. d6 Kd7 27. Kf3 Ke6 28. Ke4 c5 29. g4 h6 30. h4 f6 31. exf6 gxf6 32. d7 Kxd7 33. Kf5 c4 34. Kxf6 b5 35. Ke5 Kc6 36. g5 hxg5 37.
hxg5 Kc5 38. g6 b4 39. g7 c3 40. bxc3 bxc3 41. g8=Q 1-0

[Event "*** Titled Tuesday Blitz"]
[Site "Chess.com"]
[Date "2020.05.05"]
[Round "4"]
[White "Yaacovn"]
[Black "Firegrizzly"]
[Result "1/2-1/2"]
[WhiteElo "2864"]
[BlackElo "2664"]
[TimeControl "180+1"]
[EndTime "10:40:11 PDT"]
[Termination "Game drawn by repetition"]

1. d4 Nf6 2. e3 g6 3. Nf3 Bg7 4. Be2 O-O 5. O-O d6 6. b3 c5 7. Bb2 b6 8. c4 Nc6 9. d5 Na5 10. Nc3 Bf5 11. Qd2 a6 12. Rfe1 Re8 13. Bf1 Bg4 14. Be2 Bf5 15. h3 Rb8 16. Bf1 e5 17. dxe6 Bxe6 18. Rad1 Nb7 19. Qc1 Bd7 20. Qa1 Bc6 21.
Be2 Qe7 22. Rd2 Ne4 23. Nxe4 Bxb2 24. Qxb2 Bxe4 25. Red1 Rbd8 26. Nh2 h5 27. Bf3 b5 28.
Qc3 b4 29. Qb2 a5 30. Bxe4 Qxe4 31. Nf3 Qe7 32. Rd5 a4 33. g4 hxg4 34. hxg4 Qe4 35. Nh2 a3 36. Qf6 Re6 37. Qf3 Kg7 38. Qxe4 Rxe4 39.
Kg2 Re6 40. Kg3 Rde8 41. Nf3 f6 42. R5d2 g5 43. Kg2 Rd8 44. Ng1 Rd7 45. Ne2 Re4 46. Kf3 Re6 47. Ng3 Kg6 48. Nf5 Rh7 49. Kg2 Re4 50. f3 Re6 51. e4 Rh8 52. Kg3 Rh7 53.
Kg2 Rd7 54. Rh1 Rh7 55. Rhd1 1/2-1/2

[Event "*** Titled Tuesday Blitz"]
[Site "Chess.com"]
[Date "2020.05.05"]
[Round "4"]
[White "VNeimer"]
[Black "Spartakus1975"]
[Result "1/2-1/2"]
[WhiteElo "2522"]
[BlackElo "2738"]
[TimeControl "180+1"]
[EndTime "10:40:11 PDT"]
[Termination "Game drawn by repetition"]

1. d4 d5 2. Nf3 Nf6 3. g3 c6 4. Bg2 Bg4 5. Ne5 Bf5 6. c4 e6 7. O-O Nbd7 8. Nxd7 Qxd7 9. c5 Be7 10. Nc3 O-O 11.
Bf4 Rfe8 12. b4 a6 13. a4 h6 14. Qb3 Ne4 15. f3 Nxc3 16. Qxc3 Bf6 17. Rfd1 Qe7 18. Bd6 Qd8 19. e4 Bh7 20. e5 Be7 21. Bf1 f6 22. f4 fxe5 23. fxe5 Rf8 24. b5 axb5 25. axb5 Rxa1 26. Rxa1 Be4 27. Bh3 Bf5 28. Bxf5 Rxf5 29.
bxc6 bxc6 30. Bxe7 Qxe7 31. Rf1 Qf7 32. Qd3 Rxf1+ 33. Qxf1 Qg6 34. Qe2 Qf5 35. Kg2 Kh7 36.
h3 g5 37. Qf2 Kg6 38. Qxf5+ Kxf5 39. Kf3 g4+ 40. hxg4+ Kg5 41. Kf2 Kxg4 42. Kg2 h5 43.
Kf2 h4 44. gxh4 Kxh4 45. Kf3 Kh3 46. Kf4 Kh4 47. Kf3 Kg5 48. Kg3 Kf5 49. Kf3 Kg5 50. Kg3 Kh5 51. Kh3 Kg5 52. Kg3 1/2-1/2

[Event "*** Titled Tuesday Blitz"]
[Site "Chess.com"]
[Date "2020.05.05"]
[Round "4"]
[White "ilya261991"]
[Black "diskeleven"]
[Result "0-1"]
[WhiteElo "2533"]
[BlackElo "2355"]
[TimeControl "180+1"]
[EndTime "10:40:11 PDT"]
[Termination "diskeleven won by resignation"]

1. d4 Nf6 2. c4 e6 3. g3 c6 4. Bg2 d5 5. cxd5 exd5 6. Nc3 Be7 7. Nf3 O-O 8. O-O Bf5 9. Ne5 Nbd7 10. Nd3 Re8 11.
a3 Bd6 12. f3 h6 13. Nf2 Be6 14. e4 dxe4 15. fxe4 Bc4 16. Re1 Bf8 17. b3 Be6 18. Bf4 Nb6 19. Be5 Nfd7 20. Bf4 Nf6 21. h3 a5 22. Qc2 Qxd4 23. Rad1 Qc5 24. Be3 Qxa3 25. Bxb6 Bxb3 26. Qe2 Bxd1 27. Ncxd1 Nd5 28. Bd4 b5 29. Qg4 Qb4 30. exd5 Rxe1+ 31. Kh2 h5 32. Qe4 Rxe4 0-1

[Event "*** Titled Tuesday Blitz"]
[Site "Chess.com"]
[Date "2020.05.05"]
[Round "4"]
[White "barbara25"]
[Black "BasilSmash"]
[Result "0-1"]
[WhiteElo "2224"]
[BlackElo "2430"]
[TimeControl "180+1"]
[EndTime "10:40:11 PDT"]
[Termination "BasilSmash won by resignation"]

1. e4 c6 2. d4 d5 3. f3 e6 4. Nc3 Bb4 5. a3 Bxc3+ 6. bxc3 dxe4 7. Qe2 c5 8. Qxe4 Nf6 9. Qh4 cxd4 10. cxd4 Nc6 11.
c3 b6 12. Bd3 Bb7 13. Ne2 h6 14.
O-O Rc8 15. a4 Na5 16. Qg3 g5 17. Ba3 Nc4 18. Bxc4 Rxc4 19. Qe5 Rg8 20. Bb2 Rg6 21. Ng3 Qc7 22. Qb5+ Qc6 23. Qxc6+ Bxc6 24. a5 b5 25. Rfe1 h5 26. Re5 Kd7 27. a6 h4 28. Ne4 Nxe4 29.
fxe4 f6 30. Rc5 Rxc5 31. dxc5 Bxe4 32. Rd1+ Bd5 33. Ba3 Kc6 34. Bb4 f5 35. Kf2 e5 36.
Ba3 g4 37. Rd3 f4 38. Bb4 g3+ 39. hxg3 hxg3+ 40. Kf1 e4 41. Rd2 f3 42. Ba3 Bc4+ 0-1

[Event "*** Titled Tuesday Blitz"]
[Site "Chess.com"]
[Date "2020.05.05"]
[Round "4"]
[White "Onischuk_V"]
[Black "Baronessa08"]
[Result "1-0"]
[WhiteElo "2709"]
[BlackElo "2471"]
[TimeControl "180+1"]
[EndTime "10:40:12 PDT"]
[Termination "Onischuk_V won by resignation"]

1. e4 c5 2. Nf3 Nc6 3. Bb5 e6 4. Bxc6 bxc6 5. d3 Ne7 6. Qe2 Qc7 7. b3 e5 8. O-O Ng6 9. Ng5 Be7 10. Qh5 d6 11. Nc3 Bxg5 12. Bxg5 O-O 13. f4 exf4 14. Bxf4 Nxf4 15. Rxf4 Be6 16. Ne2 d5 17. Raf1 h6 18. R1f3 dxe4 19. Rg3 exd3 20. Rh4 f6 21. cxd3 Rae8 22.
Qxh6 Qxg3 23. Qh7+ Kf7 24. Nxg3 1-0

[Event "*** Titled Tuesday Blitz"]
[Site "Chess.com"]
[Date "2020.05.05"]
[Round "4"]
[White "ozates"]
[Black "gemarin"]
[Result "1-0"]
[WhiteElo "2371"]
[BlackElo "1955"]
[TimeControl "180+1"]
[EndTime "10:40:12 PDT"]
[Termination "ozates won on time"]

1. e4 c5 2. Nf3 Nc6 3. Bb5 g6 4. Bxc6 dxc6 5. d3 Bg7 6. h3 Nf6 7. Be3 c4 8. e5 Nd7 9. d4 Qb6 10. Nbd2 Qxb2 11. O-O c3 12. Ne4 Qa3 13. Qd3 O-O 14.
Rfd1 Rd8 15. Bc1 Qa5 16. Bg5 Nxe5 17. Nxe5 Bxe5 18. Bxe7 Rxd4 19. Qe3 Rxd1+ 20. Rxd1 Bf5 21. Nf6+ Kg7 22. Qg5 h6 23. Qh4 Qxa2 24. Re1 Qe6 25. Ne4 g5 26. Nxg5 Bh2+ 27. Kxh2 Qxe1 28. Bf6+ 1-0

[Event "*** Titled Tuesday Blitz"]
[Site "Chess.com"]
[Date "2020.05.05"]
[Round "4"]
[White "Sashadav97"]
[Black "AshotParvanyan"]
[Result "1-0"]
[WhiteElo "2754"]
[BlackElo "2500"]
[TimeControl "180+1"]
[EndTime "10:40:14 PDT"]
[Termination "Sashadav97 won on time"]

1. d4 Nf6 2. c4 c5 3. d5 b5 4. cxb5 a6 5. bxa6 g6 6. Nc3 Bg7 7. e4 d6 8. Nf3 O-O 9. Be2 Qa5 10. O-O Bxa6 11. Bd2 Bxe2 12. Qxe2 Qa6 13. Qd1 Nbd7 14.
Qc2 Rfb8 15. h3 Ne8 16. Rab1 Nc7 17. Bg5 Kf8 18. Nd2 Nb5 19. Nxb5 Qxb5 20. b3 Ne5 21. Nc4 Nxc4 22. bxc4 Qa6 23. Rb3 h6 24. Be3 Kg8 25. Rfb1 Rxb3 26. axb3 Rb8 27. Qd2 Qa3 28. Qc2 Qb4 29.
Bd2 Qa3 30. g3 h5 31. Kg2 Rb7 32. Bc3 Bxc3 33. Qxc3 Qa2 34. Rb2 Qa1 35. Qd2 Rb4 36. Qc2 Qe1 37. Rb1 1-0

[Event "*** Titled Tuesday Blitz"]
[Site "Chess.com"]
[Date "2020.05.05"]
[Round "4"]
[White "ChainsOfFantasia"]
[Black "WoolworthsManly"]
[Result "1-0"]
[WhiteElo "2496"]
[BlackElo "2662"]
[TimeControl "180+1"]
[EndTime "10:40:14 PDT"]
[Termination "ChainsOfFantasia won by checkmate"]

1. c4 c6 2. Nf3 d5 3. d4 Nf6 4.
e3 a6 5. Nc3 g6 6. a4 Bg7 7. Bd3 O-O 8. O-O a5 9. Qe2 Na6 10. e4 dxe4 11. Nxe4 Nb4 12. Nxf6+ Bxf6 13. Be4 Qc7 14. Bh6 Rd8 15. Rad1 Bg4 16. d5 cxd5 17. cxd5 Rac8 18. h3 Bxf3 19. Bxf3 Qd6 20. Qb5 b6 21. Be3 Nc2 22. Qxb6 Nxe3 23. Qxe3 Bxb2 24. Rb1 Rb8 25. Rfd1 Rb4 26. Qa7 Bc3 27. Rbc1 Rb3 28. Rd3 Rc8 29. Qe3 Qb4 30. d6 exd6 31. Bd5 Rb1 32. Rxc3 Rxc3 33.
Qe8+ Kg7 34. Qxf7+ Kh6 35. Qf8+ Kg5 36. h4+ Kxh4 37.
Qh6+ Kg4 38. Be6# 1-0

[Event "*** Titled Tuesday Blitz"]
[Site "Chess.com"]
[Date "2020.05.05"]
[Round "4"]
[White "okriak"]
[Black "spidernv"]
[Result "1-0"]
[WhiteElo "2808"]
[BlackElo "2459"]
[TimeControl "180+1"]
[EndTime "10:40:14 PDT"]
[Termination "okriak won by resignation"]

1. Nf3 c6 2. e4 d5 3. Nc3 dxe4 4. Nxe4 Nf6 5. Nxf6+ exf6 6. Bc4 Bd6 7. Qe2+ Be7 8. O-O O-O 9. d4 Bg4 10. c3 Nd7 11. Bf4 Nb6 12. Bb3 Bd6 13. Bxd6 Qxd6 14. Qd3 Rfe8 15. Rfe1 Nd5 16. Bc2 g6 17. Rxe8+ Rxe8 18. Re1 Re7 19. Rxe7 Qxe7 20. h3 Nf4 21. Qe4 Qxe4 22.
Bxe4 Be6 23. a3 f5 24. Bc2 Bd5 25. Ne1 b5 26. h4 Kf8 27. g3 Ne6 28. Kf1 f4 29. g4 Ke7 30. f3 c5 31. dxc5 Nxc5 32. Kf2 Bc4 33. b4 Ne6 34. a4 a6 35.
a5 Kd6 36. g5 Nc7 37. Be4 Ke5 38. Nd3+ Bxd3 39. Bxd3 Nd5 40. Be4 Nxc3 41. Bb7 Kd4 42. Bxa6 Kc4 43. Bb7 Kxb4 44. a6 Na4 45. a7 Nb6 46.
a8=Q Nxa8 47. Bxa8 Kc3 48. Bd5 b4 49. Bxf7 b3 50. Ke2 b2 51. Ba2 Kc2 52. Ke1 Kc1 53. Kf2 Kc2 54. Ke2 Kc1 55. Kd3 1-0

[Event "*** Titled Tuesday Blitz"]
[Site "Chess.com"]
[Date "2020.05.05"]
[Round "4"]
[White "ChesterF"]
[Black "FM_VS99"]
[Result "0-1"]
[WhiteElo "2505"]
[BlackElo "2312"]
[TimeControl "180+1"]
[EndTime "10:40:14 PDT"]
[Termination "FM_VS99 won by checkmate"]

1. d4 g6 2. c4 Bg7 3. Nc3 d6 4. e4 e5 5. Nf3 Nc6 6. d5 Nd4 7. Be2 c5 8. dxc6 bxc6 9. O-O Ne7 10. Nxd4 exd4 11. Nb1 O-O 12. Nd2 Rb8 13. Nb3 c5 14. Bf4 a5 15. Rb1 Be6 16. Nc1 Nc6 17. b3 a4 18. Nd3 Ne5 19. Bxe5 Bxe5 20. f4 Bg7 21. f5 Bd7 22. Bg4 Re8 23. Qf3 Bc6 24.
Rfe1 h5 25. Bh3 Qh4 26. Nf4 Be5 27. fxg6 Qxf4 28. Qxh5 Qxh2+ 29. Kf1 Qf4+ 30. Kg1 fxg6 31.
Qxg6+ Kh8 32. Bf5 Qh2+ 33. Kf1 Rg8 34. Ke2 Rxg6 35. Rh1 Rxg2+ 36. Kd3 Rd2# 0-1

[Event "*** Titled Tuesday Blitz"]
[Site "Chess.com"]
[Date "2020.05.05"]
[Round "4"]
[White "realmadridtv"]
[Black "heyiampotato"]
[Result "1-0"]
[WhiteElo "2355"]
[BlackElo "2532"]
[TimeControl "180+1"]
[EndTime "10:40:15 PDT"]
[Termination "realmadridtv won by resignation"]

1. d4 Nf6 2. c4 e6 3. g3 d5 4. Bg2 Bb4+ 5. Nd2 O-O 6. Nf3 dxc4 7. O-O b5 8. a4 c6 9. Ne1 Nd5 10. e4 Nb6 11. a5 N6d7 12. Nc2 Be7 13. e5 Ba6 14.
Ne4 b4 15. Qg4 Kh8 16. Re1 Bb5 17. Bg5 Na6 18. Bxe7 Qxe7 19. Nd6 Rad8 20. Ne3 f5 21. Qh3 Nc7 22. f4 Nd5 23. Bxd5 exd5 24. Nexf5 Qe6 25. Qh4 g6 26. Nh6 Kg7 27. f5 gxf5 28. Nhxf5+ Kh8 29. g4 c5 30. Re3 cxd4 31. Rh3 Qg6 32. Ne7 Qg7 33. Ndf5 Qf7 34. e6 Qg8 35. Nxg8 1-0

[Event "*** Titled Tuesday Blitz"]
[Site "Chess.com"]
[Date "2020.05.05"]
[Round "4"]
[White "Aureliano-Buendia"]
[Black "Bastiandash"]
[Result "1-0"]
[WhiteElo "2392"]
[BlackElo "2099"]
[TimeControl "180+1"]
[EndTime "10:40:15 PDT"]
[Termination "Aureliano-Buendia won on time"]

1. d4 Nf6 2. c4 e6 3. g3 Bb4+ 4. Nd2 O-O 5. Bg2 d5 6. Qc2 Nbd7 7. Nf3 b6 8. O-O Bb7 9. Rd1 Rc8 10. Ne5 c5 11. Ndf3 cxd4 12. Rxd4 Nxe5 13. Nxe5 Qc7 14. Bf4 Bd6 15. Nd3 e5 16. Bxe5 Bxe5 17. Rh4 Rfe8 18.
Rc1 dxc4 19. Rxc4 Qxc4 20. Qxc4 Rxc4 21. Rxc4 Bxg2 22. Kxg2 Bb8 23. e3 g6 24. Nb4 Kg7 25.
Nc6 Nd5 26. b4 Be5 27. Re4 f6 28. f4 Rc8 29. Nxa7 Ra8 30. Nb5 Rxa2+ 31. Kf3 Bc3 32. Re8 Ra1 33. Rd8 Nxb4 34. Nxc3 Rh1 35. h4 Rc1 36.
Ne2 Rc2 37. Rd7+ Kh6 38. Nd4 Rb2 39. Ne6 Nd3 40. g4 Ne1+ 41. Kg3 Rg2+ 42. Kh3 1-0

[Event "*** Titled Tuesday Blitz"]
[Site "Chess.com"]
[Date "2020.05.05"]
[Round "4"]
[White "saikrishnaReturns"]
[Black "Macron20hTF1"]
[Result "0-1"]
[WhiteElo "2583"]
[BlackElo "2374"]
[TimeControl "180+1"]
[EndTime "10:40:16 PDT"]
[Termination "Macron20hTF1 won by checkmate"]

1. e4 g6 2. h4 h5 3. Nh3 Bg7 4. Nc3 c5 5. Bc4 e6 6. Ng5 Nc6 7. f4 a6 8. a4 Nge7 9. e5 d5 10.
exd6 Nf5 11. Nce4 O-O 12. g4 Nxd6 13. Nxd6 Qxd6 14. d3 hxg4 15. h5 e5 16. h6 Bf6 17.
h7+ Kh8 18. Nxf7+ Rxf7 19. Bxf7 exf4 20. Bxg6 Nd4 21. Be4 f3 22. Be3 Bf5 23. Qd2 Re8 24. O-O-O Ne2+ 25. Kb1 Qb6 26. c4 Bxe4 27. dxe4 Rd8 28.
Qc2 Nc3+ 29. Kc1 Nxd1 30. Rxd1 Rxd1+ 31. Qxd1 Qxb2# 0-1

[Event "*** Titled Tuesday Blitz"]
[Site "Chess.com"]
[Date "2020.05.05"]
[Round "4"]
[White "Nara_Kh"]
[Black "Lunow"]
[Result "1-0"]
[WhiteElo "2418"]
[BlackElo "2205"]
[TimeControl "180+1"]
[EndTime "10:40:16 PDT"]
[Termination "Nara_Kh won on time"]

1. e4 e5 2. Nf3 Nc6 3. Bb5 a6 4.
Ba4 Nf6 5. d3 b5 6. Bb3 Bc5 7.
O-O d6 8. h3 O-O 9. a4 Rb8 10.
Nc3 h6 11. Ne2 Ne7 12. c3 Ng6 13. d4 Bb6 14. Bc2 Nh5 15. Be3 c5 16. Qd2 Qf6 17. Nh2 Ngf4 18. d5 Bxh3 19. gxh3 Qg6+ 20. Ng3 Nxh3+ 21. Kh1 Nxf2+ 22. Bxf2 Nxg3+ 23. Bxg3 Qxg3 24. Rg1 Qh3 25. Qg2 Qxg2+ 26. Rxg2 g6 27. Ng4 Kg7 28. c4 bxc4 29. Ne3 Bc7 30. Nxc4 h5 31. b3 1-0